 Dungeon Crawl Stone Soup version 0.30-b1-2-g02819fbbbe (webtiles) character file.

Game seed: 12702490583673414875

173404 raph the Scorcher (level 17, -12/99 HPs)
             Began as a Deep Elf Fire Elementalist on Jan 16, 2024.
             Was the Champion of Vehumet.
             Mangled by a salamander
             ... wielding a +2 glaive of venom
             ... summoned by an orange crystal statue
              (25 damage)
             ... on level 2 of the Snake Pit.
             The game lasted 01:12:14 (38981 turns).

raph the Scorcher (Deep Elf Fire Elementalist)     Turns: 38981, Time: 01:12:15

Health: -12/99     AC: 24    Str:  4    XL:     17   Next: 18%
Magic:  35/36      EV: 21    Int: 40    God:    Vehumet [******]
Gold:   2343       SH:  7    Dex: 20    Spells: 2/43 levels left

rFire   + . .        p - staff of fire "Seatsymi" {Fragile Fly rElec rF+ rN++}
rCold   . . .        h - +1 buckler
rNeg    + + .        G - +4 acid dragon scales
rPois   +            g - +1 helmet {Int+3}
rElec   +            c - +2 cloak of Ohioxounk {Will+ Int+4}
rCorr   +            F - +1 pair of gloves {infuse}
SInv    .            r - +1 pair of boots
Will    ++...        L - amulet "Mopesure" {Regen+ Dex+6 Stlth-}
Stlth   ++++         Z - ring of poison resistance
HPRegen 1.16/turn    K - +5 ring of evasion
MPRegen 0.25/turn

%: clarity, infuse magic (1 MP)
@: lethally poisoned (-12 -> -20), flying
A: iridescent scales 1, clarity, clever 1
}: 1/15 runes: serpentine
a: Renounce Religion


You were on level 2 of the Snake Pit.
You worshipped Vehumet.
Vehumet was exalted by your worship.
You visited 6 branches of the dungeon, and saw 28 of its levels.
You visited 1 bazaar.
You also visited: Volcano.

You collected 3953 gold pieces.
You spent 1610 gold pieces at shops.

Inventory:

Hand Weapons
 a - the +4 scimitar "Vedgh" {flame, Str+3 Dex+3}
   (You bought it in a shop in a bazaar)

   Str:       It affects your strength (+3).
   Dex:       It affects your dexterity (+3).
 w - the +8 long sword "Cookie Cutter" {venom, rC+ Dex+2 SInv}
   (You found it on level 14 of the Dungeon)

   Dex:       It affects your dexterity (+2).
   rC:        It protects you from cold.
   SInv:      It lets you see invisible.
Armour
 c - the +2 cloak of Ohioxounk (worn) {Will+ Int+4}
   (You found it on level 2 of the Lair of Beasts)

   Int:       It affects your intelligence (+4).
   Will:      It increases your willpower.
 g - a +1 helmet of intelligence (worn)
 h - a +1 buckler (worn)
 r - a +1 pair of boots (worn)
 F - a +1 pair of gloves of infusion (worn)
 G - +4 acid dragon scales (worn)
Magical Staves
 p - the staff of fire "Seatsymi" (weapon) {Fragile Fly rElec rF+ rN++}
   (You acquired it on level 2 of the Snake Pit)

   [staff of fire]

   Base accuracy: +5 Base damage: 5 Base attack delay: 1.2 This weapon's minimum
   attack delay (0.6) is reached at skill level 12.
   rF:        It protects you from fire.
   rElec:     It insulates you from electricity.
   rN:        It greatly protects you from negative energy.
   Fly:       It grants you flight.
   Fragile:   It will be destroyed if unequipped.
   It falls into the 'Staves' category.
   It is a one-handed weapon.
Jewellery
 b - the ring of the Saviour {rN+ Stlth+}
   (You took it off an orc priest on level 14 of the Dungeon)

   [ring of positive energy]

   rN:        It protects you from negative energy.
   Stlth:     It makes you more stealthy.
 K - a +5 ring of evasion (right hand)
 L - the amulet "Mopesure" (around neck) {Regen+ Dex+6 Stlth-}
   (You acquired it on level 9 of the Dungeon)

   [amulet of regeneration]

   Dex:       It affects your dexterity (+6).
   Regen:     It increases your rate of health regeneration.
   Stlth:     It makes you less stealthy.
 U - a ring of magical power
 Y - a +4 ring of protection
 Z - a ring of poison resistance (left hand)
Wands
 f - a wand of digging (3)
 q - a wand of mindburst (5)
 s - a wand of flame (20)
 A - a wand of paralysis (22)
 N - a wand of polymorph (13)
 R - a wand of roots (38)
 X - a wand of quicksilver (15)
Scrolls
 u - 13 scrolls of identify
 v - 4 scrolls of fog
 y - 3 scrolls of brand weapon
 B - 4 scrolls of immolation
 H - 10 scrolls of teleportation
 I - 4 scrolls of enchant weapon
 M - 8 scrolls of blinking
 O - 6 scrolls of fear
 P - 2 scrolls of amnesia
 Q - a scroll of summoning
 V - a scroll of magic mapping
Potions
 e - 4 potions of cancellation
 i - 2 potions of resistance
 j - 5 potions of might
 k - 7 potions of curing
 l - 12 potions of lignification
 m - 3 potions of magic
 n - 3 potions of haste
 o - 4 potions of mutation
 t - 4 potions of heal wounds
 x - 2 potions of brilliance
 z - 6 potions of attraction
 C - 2 potions of ambrosia
 J - 5 potions of flight
 T - 2 potions of berserk rage
Miscellaneous
 d - a lightning rod (4/4)
 D - a phial of floods
 S - a box of beasts


   Skills:
 + Level 8.4 Fighting
 - Level 6.1 Long Blades
 + Level 7.6 Armour
 + Level 12.3 Dodging
 + Level 13.4 Stealth
 - Level 4.0 Shields
 + Level 13.5 Spellcasting
 * Level 15.6 Conjurations
 - Level 4.9 Summonings
 - Level 6.0 Translocations
 * Level 15.8 Fire Magic
 + Level 5.1 Evocations


You had 2 spell levels left.
You knew the following spells:

 Your Spells              Type           Power      Damage    Failure   Level
a - Foxfire               Conj/Fire      100%       2x1d9     0%          1
b - Iron Shot             Conj/Erth      37%        9d7       9%          6
d - Orb of Destruction    Conj           50%        9d13      1%          7
e - Magic Dart            Conj           100%       1d8       0%          1
f - Flame Wave            Conj/Fire      100%       2d21      1%          4
g - Blink                 Tloc           100%       N/A       1%          2
h - Fulminant Prism       Conj/Hex       37%        3d17      1%          4
i - Iskenderun's Battles  Conj           100%       2d15      1%          5
j - Starburst             Conj/Fire      62%        6d16      1%          6
k - Fireball              Conj/Fire      62%        3d24      1%          5

Your spell library contained the following spells:

 Spells                   Type           Power      Damage    Failure   Level
 Scorch                   Fire           100%       2d9       0%          2
 Apportation              Tloc           100%       N/A       1%          1
 Summon Small Mammal      Summ           100%       N/A       1%          1
 Lesser Beckoning         Tloc           100%       N/A       1%          2
 Momentum Strike          Conj/Tloc      100%       3d10      1%          2
 Necrotise                Necr           100%       1d9       4%          1
 Cigotuvi's Dreadful Rot  Necr/Pois/Air  54%        N/A       8%          2
 Sublimation of Blood     Necr           27%        N/A       8%          2
 Wereblood                Tmut           27%        N/A       8%          2
 Call Canine Familiar     Summ           61%        N/A       1%          3
 Gell's Gravitas          Tloc           66%        N/A       1%          3
 Hailstorm                Conj/Ice       74%        3d15      1%          3
 Inner Flame              Hex/Fire       94%        N/A       1%          3
 Teleport Other           Tloc           66%        N/A       1%          3
 Volatile Blastmotes      Fire/Tloc      100%       2d18      1%          3
 Summon Guardian Golem    Hex/Summ       46%        N/A       5%          3
 Conjure Ball Lightning   Conj/Air       37%        3x3d12    9%          6
 Spellforged Servitor     Conj/Summ      41%        N/A       16%         7
 Summon Ice Beast         Ice/Summ       46%        N/A       17%         4
 Anguish                  Hex/Necr       13%        N/A       43%         4
 Animate Dead             Necr           27%        N/A       43%         4
 Cause Fear               Hex            13%        N/A       43%         4
 Ice Form                 Ice/Tmut       27%        N/A       43%         4
 Petrify                  Tmut/Erth      27%        N/A       43%         4
 Summon Mana Viper        Hex/Summ       46%        N/A       43%         5
 Dispersal                Tloc           33%        N/A       54%         6
 Metabolic Englaciation   Hex/Ice        13%        N/A       80%         5
 Monstrous Menagerie      Summ           30%        N/A       99%         7
 Summon Hydra             Summ           30%        N/A       99%         7
 Simulacrum               Ice/Necr       13%        N/A       100%        6
 Statue Form              Tmut/Erth      18%        N/A       100%        6
 Enfeeble                 Hex            13%        N/A       100%        7
 Haunt                    Necr/Summ      23%        N/A       100%        7
 Infestation              Necr           13%        N/A       100%        8
 Maxwell's Capacitive Co  Air            13%        ∞         100%        8
 Chain Lightning          Conj/Air       37%        3d49      100%        9


Dungeon Overview and Level Annotations

Branches:
Dungeon (15/15)            Temple (1/1) D:4            Lair (5/5) D:10
 Shoals (1/4) Lair:2        Snake (4/4) Lair:2        Slime (0/5) Lair:5
    Orc (2/2) D:9             Elf (0/3) Orc:2        Vaults (0/5) D:13
 Depths (0/4) D:15        Volcano (visited)

Altars:
Ashenzari
Cheibriados
Dithmenos
Elyvilon
Fedhas
Gozag
Hepliaklqana
Kikubaaqudgha
Makhleb
Nemelex Xobeh
Okawaru
Qazlal
Ru
Sif Muna
Trog
Uskayaw
Vehumet
Wu Jian
Xom
Yredelemnul
Zin
The Shining One
Jiyva

Shops:
D:3 ?   D:4 *   D:5 *   D:9 =   D:10 ?   Orc:2 =?([   Shoals:1 ?

Portals:
Trove: D:15 (show slimy rune of Zot)

Annotations:
Snake:2 1 transporter, exclusion: orange crystal statue
Snake:4 Donald


Innate Abilities, Weirdness & Mutations

You are partially covered in iridescent scales. (AC +2)
You possess an exceptional clarity of mind.
Your mind is acute. (Int +4, Str/Dex -1)


Message History

* * * LOW HITPOINT WARNING * * *
You are engulfed in flames.
You resist.
* * * LOW HITPOINT WARNING * * *
You are more poisoned.
The naga warrior roars a battlecry!
The naga goes into a battle-frenzy!
The naga spits poison at you.
The splash of poison hits you but does no damage.
You resist.
A wave of flame ripples out!
The flame wave engulfs the black mamba!!
You kill the black mamba!
Vehumet accepts your kill.
You feel your power returning.
The flame wave engulfs the naga warrior!!
You kill the naga warrior!
Vehumet accepts your kill.
The flame wave engulfs the shock serpent.
The shock serpent is moderately wounded.
The flame wave engulfs the naga ritualist!!
You kill the naga ritualist!
Vehumet accepts your kill.
The flame wave engulfs the orange crystal statue.
The orange crystal statue resists.
The orange crystal statue is lightly damaged.
The flame wave engulfs the salamander.
The salamander completely resists.
The salamander is lightly wounded.
The flame wave engulfs the naga!!
You kill the naga!
The naga's corpse dissolves into shadows!
The flame wave engulfs the anaconda!!
The anaconda is heavily wounded.
You finish channelling waves of flame.
You feel very sick.
Your battlesphere fires!
The barrage of energy hits the salamander!
The salamander is lightly wounded.
You block the shock serpent's attack.
The salamander hits you from afar with a +2 glaive of venom!!
You die...

........#............##..#.....#.
........#.....##.........#....#..
........#...............##...##..
#.......#.....#########..#...#...
##...........##.......##.........
######.......#8$......8#.........
##...##......#.......$?#.........
...♣.<#......#.†))S..[[#.........
##...##.....©#?)@S8..$©#©......(.
######..##...#.†))N...:#.........
# ##[.#...#.......$[#......... #
##..#..#8...*...8#......... #
##.##.##.......##......... #
#.....#########..#....... #
##..............##...#...
#.........######....#...
##.........###.....##..#


You could see an orange crystal statue (ally target), a salamander (summoned,
strong), an anaconda (summoned), a shock serpent (summoned) and a friendly
battlesphere.

Vanquished Creatures
  Kirke (D:14)
  11 nagarajas
  Nessos (Lair:3)
  A dire elephant (Lair:5)
  The ghost of Discosetron the Marksfrog, a journeyman BaCA of Okawaru (D:14)
  Josephine (D:10)
  6 hydras
  5 ogre magi
  2 catoblepae
  2 salamander tyrants (Snake:4)
  4 anacondas
  2 centaur warriors (D:13)
  3 boulder beetles
  18 two-headed ogres
  A death knight (D:14)
  A tengu warrior (D:15)
  5 death yaks
  22 naga warriors
  12 naga sharpshooters
  4 shock serpents
  A deep elf knight (D:10)
  4 skysharks
  2 salamander mystics
  A fire crab (D:10)
  A skeletal warrior (D:14)
  Lodul (D:11)
  A wizard (D:13)
  3 naga ritualists
  A lindwurm (Lair:5)
  5 orc knights
  Pikel (D:8)
  3 orc sorcerers
  2 phantasmal warriors (D:14)
  A wolf spider (D:15)
  2 deep elf pyromancers
  6 mana vipers
  An oklob plant (Lair:5)
  2 ugly things
  12 salamanders
  5 cyclopes
  7 elephants
  Maurice (D:13)
  8 manticores
  A merfolk siren (Lair:2)
  A black mamba (shapeshifter) (D:13)
  2 torpor snails
  34 black mambas
  2 gargoyles
  11 naga magi
  9 guardian serpents
  11 cane toads
  6 komodo dragons
  2 kobold demonologists (D:10)
  5 rime drakes
  A komodo dragon (shapeshifter) (D:15)
  An efreet (D:13)
  2 yaktaurs (D:15)
  A tengu conjurer (D:15)
  4 trolls
  4 merfolk
  A hornet (D:9)
  3 polar bears
  A wolf spider simulacrum (D:15)
  Grinder (D:3)
  A raiju (shapeshifter) (D:15)
  16 blink frogs
  3 dream sheep (Lair:5)
  18 slime creatures
  A jumping spider (shapeshifter) (D:15)
  Sigmund (D:3)
  A centaur simulacrum (D:15)
  2 water elementals
  A human (D:10)
  2 wyverns
  2 shadows (D:9)
  Eustachio (D:5)
  6 wraiths (D:10)
  A steam dragon (Lair:3)
  71 yaks
  8 hogs
  2 basilisks
  Edmund (D:5)
  3 vampire mosquitoes (D:12)
  4 wargs
  13 water moccasins
  4 acid dragons
  43 nagas
  A two-headed ogre zombie (D:9)
  16 orc warriors
  A sky beast (D:8)
  7 ice beasts
  34 ogres
  2 wolves (D:10)
  6 centaurs
  3 lemures (D:8)
  3 phantoms
  3 kobold brigands
  12 bullfrogs
  2 scorpions (D:5)
  14 wights
  6 killer bees (D:8)
  A troll zombie (D:9)
  4 electric eels
  6 howler monkeys
  A lava snake (Volcano)
  A quasit (D:8)
  2 hounds (D:5)
  A jelly (D:7)
  23 orc priests
  2 gnoll boudas
  Natasha (twice) (D:2)
  Ijyb (D:5)
  2 iguanas
  3 sleepcaps
  26 orc wizards
  6 ogre zombies (D:9)
  A boggart simulacrum (D:15)
  13 gnolls
  7 adders
  6 shadow imps (D:8)
  4 white imps
  An ufetubus (D:8)
  4 worms
  2 dart slugs
  85 orcs
  8 ball pythons
  9 bats
  9 endoplasms
  4 giant cockroaches
  17 goblins
  8 hobgoblins
  23 kobolds
  6 quokkas
  5 frilled lizards
  3 goblin skeletons (D:9)
  4 goblin zombies (D:9)
  2 hobgoblin skeletons (D:9)
  2 hobgoblin zombies (D:9)
  2 orc skeletons (D:9)
  12 orc zombies (D:9)
  6 rats
916 creatures vanquished.

Vanquished Creatures (collateral kills)
  A foxfire (D:4)
1 creature vanquished.

Vanquished Creatures (others)
  An orc (Orc:1)
  2 demonic plants (D:8)
  618 foxfires
  25 fulminant prisms
  55 fungi
  63 plants
764 creatures vanquished.

Grand Total: 1681 creatures vanquished

Notes
Turn   | Place    | Note
-------+----------+-------------------------------------------
     0 | D:1      | raph the Deep Elf Fire Elementalist began the quest for the
                  | Orb.
     0 | D:1      | Reached XP level 1. HP: 10/10 MP: 6/6
   136 | D:1      | Reached XP level 2. HP: 15/15 MP: 2/8
   397 | D:1      | Found a faded altar of an unknown god.
   609 | D:1      | Learned a level 2 spell: Scorch
   679 | D:1      | Reached XP level 3. HP: 18/19 MP: 9/9
   690 | D:1      | Learned a level 3 spell: Inner Flame
   804 | D:2      | You fall into a shaft and drop 2 floors!
   804 | D:4      | Found a staircase to the Ecumenical Temple.
   808 | D:4      | Found Momasec's Mass Market.
   812 | Temple   | Entered the Ecumenical Temple
  1380 | Temple   | Became a worshipper of Vehumet
  2074 | D:4      | Reached XP level 4. HP: 24/24 MP: 5/11
  2296 | D:4      | Learned a level 3 spell: Volatile Blastmotes
  3014 | D:2      | Reached * piety under Vehumet
  3014 | D:2      | Offered knowledge of Magic Dart by Vehumet.
  3021 | D:2      | Learned a level 1 spell: Magic Dart
  3072 | D:2      | Reached XP level 5. HP: 28/28 MP: 6/12
  3254 | D:2      | Found a shadowy altar of Dithmenos.
  3786 | D:2      | Noticed Natasha
  3793 | D:2      | Killed Natasha
  3810 | D:2      | Noticed Natasha
  3813 | D:2      | Killed Natasha
  4244 | D:3      | Noticed Sigmund
  4332 | D:3      | Offered knowledge of Static Discharge by Vehumet.
  4548 | D:3      | Noticed Grinder
  4580 | D:3      | Reached ** piety under Vehumet
  4781 | D:3      | Found Nuafai's Magic Scroll Emporium.
  4786 | D:3      | Bought a scroll of enchant armour for 75 gold pieces
  4786 | D:3      | Bought a scroll of enchant armour for 75 gold pieces
  4786 | D:3      | Bought a scroll of brand weapon for 95 gold pieces
  4786 | D:3      | Bought a scroll of fog for 40 gold pieces
  5204 | D:4      | Reached XP level 6. HP: 32/32 MP: 7/14
  5357 | D:4      | Reached skill level 5 in Fire Magic
  5803 | D:5      | Entered Level 5 of the Dungeon
  5807 | D:5      | Noticed Ijyb
  5816 | D:5      | Killed Ijyb
  5817 | D:5      | Reached XP level 7. HP: 29/37 MP: 2/15
  5841 | D:5      | Reached skill level 1 in Fighting
  5967 | D:5      | Reached skill level 1 in Shields
  6014 | D:5      | Offered knowledge of Hailstorm by Vehumet.
  6023 | D:5      | Reached skill level 5 in Spellcasting
  6169 | D:5      | Noticed Edmund
  6179 | D:5      | Killed Edmund
  6180 | D:5      | Reached skill level 5 in Conjurations
  6180 | D:5      | Reached XP level 8. HP: 26/43 MP: 10/17
  6307 | D:5      | Found Huge's General Store.
  6473 | D:5      | Noticed Eustachio
  6480 | D:5      | Learned a level 4 spell: Flame Wave
  6483 | D:5      | Learned a level 2 spell: Blink
  6497 | D:5      | Killed Eustachio
  6870 | D:6      | Reached skill level 5 in Stealth
  6872 | D:6      | Reached *** piety under Vehumet
  6873 | D:6      | Reached skill level 1 in Translocations
  7401 | D:6      | Reached skill level 5 in Dodging
  7403 | D:6      | Offered knowledge of Fulminant Prism by Vehumet.
  7579 | D:3      | Bought a scroll of identify for 20 gold pieces
  7579 | D:3      | Bought a scroll of identify for 20 gold pieces
  7579 | D:3      | Bought a scroll of identify for 20 gold pieces
  8057 | D:7      | Reached XP level 9. HP: 49/49 MP: 14/20
  8333 | D:7      | Learned a level 4 spell: Fulminant Prism
  9624 | D:7      | Got the Secrets of the Entourage
  9878 | D:7      | Learned a level 1 spell: Summon Small Mammal
 10029 | D:3      | Killed Grinder
 10078 | D:3      | Killed Sigmund
 10079 | D:3      | Reached XP level 10. HP: 56/56 MP: 13/22
 10248 | D:8      | Noticed Pikel
 10251 | D:8      | Reached **** piety under Vehumet
 10255 | D:8      | Killed Pikel
 10256 | D:8      | Reached skill level 1 in Summonings
 10448 | D:8      | Offered knowledge of Sticky Flame by Vehumet.
 10489 | D:8      | Reached skill level 1 in Armour
 11654 | D:9      | Found a staircase to the Orcish Mines.
 11697 | D:9      | Found a blossoming altar of Fedhas.
 11858 | D:9      | Reached ***** piety under Vehumet
 11867 | D:9      | Offered knowledge of Starburst by Vehumet.
 12100 | D:9      | Reached XP level 11. HP: 44/60 MP: 10/24
 12280 | D:9      | Found Vyfoekh's Jewellery Shoppe.
 12376 | D:9      | Identified a scroll of acquirement
 12376 | D:9      | Acquired the amulet "Mopesure" {Regen+ Dex+6 Stlth-}
 12772 | D:10     | Entered Level 10 of the Dungeon
 12772 | D:10     | Found a transporter.
 12774 | D:10     | Noticed an orc sorcerer
 12776 | D:10     | Noticed a deep elf knight
 12779 | D:10     | Noticed a fire crab
 12814 | D:10     | Noticed Josephine
 12818 | D:10     | Noticed a brown ugly thing
 12825 | D:10     | Killed Josephine
 12826 | D:10     | Killed a brown ugly thing
 12827 | D:10     | Reached skill level 5 in Translocations
 13065 | D:10     | Found a staircase to the Lair.
 13305 | D:10     | Reached skill level 10 in Fire Magic
 13327 | D:10     | Learned a level 6 spell: Starburst
 13709 | D:10     | Found a transporter.
 13765 | D:10     | Found Haechiagra's Magic Scroll Boutique.
 13773 | D:10     | Bought a scroll of amnesia for 60 gold pieces
 13773 | D:10     | Bought a scroll of fear for 60 gold pieces
 13855 | D:11     | Noticed Lodul
 13858 | D:11     | Killed Lodul
 13859 | D:11     | Reached XP level 12. HP: 35/67 MP: 5/26
 13951 | D:11     | Offered knowledge of Irradiate by Vehumet.
 14027 | D:11     | Found a flickering gateway to a bazaar.
 14055 | Bazaar   | Entered a bazaar
 14055 | Bazaar   | Found Iqeisk's Armour Shop.
 14055 | Bazaar   | Found Ydunyur's Jewellery Emporium.
 14055 | Bazaar   | Found Vewkuturch's Magic Scroll Shop.
 14055 | Bazaar   | Found Seedd's Assorted Antiques.
 14057 | Bazaar   | Found Plog's Antique Weapon Shoppe.
 14112 | Bazaar   | Bought an ancient scimitar for 144 gold pieces
 14112 | Bazaar   | Identified the +4 scimitar "Vedgh" {flame, Str+3 Dex+3}
                  | (You bought it in a shop in a bazaar)
 14133 | Bazaar   | Bought a curved lead wand for 84 gold pieces
 14144 | Bazaar   | Bought a scroll of identify for 18 gold pieces
 14144 | Bazaar   | Bought a scroll of identify for 18 gold pieces
 14569 | D:11     | Noticed a two-headed ogre
 14573 | D:11     | Killed a two-headed ogre
 15009 | D:11     | Noticed a two-headed ogre
 15018 | D:11     | Killed a two-headed ogre
 15019 | D:11     | Reached skill level 10 in Conjurations
 15592 | Lair:1   | Entered Level 1 of the Lair of Beasts
 15658 | Lair:1   | Reached skill level 5 in Fighting
 15751 | Lair:1   | Noticed a boulder beetle
 15764 | Lair:1   | Killed a boulder beetle
 16125 | Lair:1   | Noticed a boulder beetle
 16128 | Lair:1   | Killed a boulder beetle
 16779 | Lair:1   | Reached skill level 1 in Long Blades
 17259 | Lair:2   | Noticed a five-headed hydra
 17271 | Lair:2   | Killed a two-headed hydra
 17539 | Lair:2   | Found a dark tunnel.
 17548 | Volcano  | Entered a volcano
 17888 | Lair:2   | Reached XP level 13. HP: 73/73 MP: 17/28
 18076 | Lair:2   | Found a staircase to the Snake Pit.
 18139 | Lair:2   | Found a staircase to the Shoals.
 18253 | Lair:2   | Identified the +2 cloak of Ohioxounk {Will+ Int+4}
 19283 | Lair:3   | Noticed Nessos
 19290 | Lair:3   | Killed Nessos
 19291 | Lair:3   | Reached skill level 10 in Spellcasting
 20071 | Lair:3   | Offered knowledge of Fireball by Vehumet.
 20078 | Lair:3   | Learned a level 5 spell: Fireball
 20163 | Lair:3   | Learned a level 3 spell: Call Canine Familiar
 20515 | Lair:4   | Reached skill level 10 in Stealth
 21225 | Lair:4   | Identified the +5 ring mail "Vireng" {Will+++ Int+2}
 21331 | Lair:5   | Entered Level 5 of the Lair of Beasts
 21337 | Lair:5   | Reached skill level 5 in Armour
 22215 | Lair:5   | Found a viscous altar of Jiyva.
 22215 | Lair:5   | Found a staircase to the Slime Pits.
 22238 | Lair:5   | Reached XP level 14. HP: 80/80 MP: 16/30
 23438 | Orc:1    | Entered Level 1 of the Orcish Mines
 23447 | Orc:1    | Reached ****** piety under Vehumet
 23917 | Orc:2    | Entered Level 2 of the Orcish Mines
 23922 | Orc:2    | Offered knowledge of Lee's Rapid Deconstruction by Vehumet.
 23927 | Orc:2    | Gained mutation: You are weak. (Str -2) [a neqoxec]
 23930 | Orc:2    | Reached skill level 10 in Dodging
 24047 | Orc:2    | Found a staircase to the Elven Halls.
 24285 | Orc:2    | Found Nuyfyla's Antique Armour Shoppe.
 24285 | Orc:2    | Found Voaj's Weapon Shop.
 24286 | Orc:2    | Found Hasec's Magic Scroll Shop.
 24286 | Orc:2    | Found Weliler's Jewellery Emporium.
 24296 | Orc:2    | Bought a scroll of amnesia for 40 gold pieces
 24296 | Orc:2    | Bought a scroll of fear for 40 gold pieces
 24296 | Orc:2    | Bought a scroll of teleportation for 30 gold pieces
 24296 | Orc:2    | Bought a scroll of blinking for 75 gold pieces
 24296 | Orc:2    | Bought a scroll of amnesia for 40 gold pieces
 25320 | D:12     | Reached skill level 5 in Long Blades
 25343 | D:12     | Found the +5 robe of Misfortune {Harm *Corrode *Slow EV+5}
 25428 | D:13     | Learned a level 5 spell: Iskenderun's Battlesphere
 25475 | D:13     | Reached XP level 15. HP: 83/86 MP: 21/32
 25610 | D:13     | Noticed Maurice
 25620 | D:13     | Killed Maurice
 25820 | D:13     | Offered knowledge of Arcjolt by Vehumet.
 26285 | D:13     | Found a gate to the Vaults.
 26787 | D:14     | Found a stormy altar of Qazlal.
 26806 | D:14     | Lost mutation: You are weak. (Str -2) [potion of mutation]
 26806 | D:14     | Gained mutation: You possess an exceptional clarity of
                  | mind. [potion of mutation]
 26806 | D:14     | Gained mutation: You are partially covered in iridescent
                  | scales. (AC +2) [potion of mutation]
 26806 | D:14     | Gained mutation: Your mind is acute. (Int +4, Str/Dex -1)
                  | [potion of mutation]
 26820 | D:14     | Got the Compilation of the Earth
 26835 | D:14     | Identified the +8 long sword "Cookie Cutter" {venom, rC+
                  | Dex+2 SInv}
 26889 | D:14     | Noticed Kirke
 26908 | D:14     | Killed Kirke
 27715 | D:14     | Found a runed translucent gate.
 27715 | D:14     | Identified the +7 plate armour of Nutsa {-Tele rPois Dex+2}
 27715 | D:14     | Noticed Discosetron's ghost (journeyman BaCA)
 27716 | D:14     | Found a runed translucent gate.
 27717 | D:14     | Found a runed translucent gate.
 27878 | D:14     | Identified the +8 chain mail "Vaikhluw" {rF+}
 27881 | D:14     | Identified the ring of the Saviour {rN+ Stlth+}
 27992 | D:15     | Entered Level 15 of the Dungeon
 28223 | D:15     | Found a portal to a secret trove of treasure.
 29100 | D:15     | Found a staircase to the Depths.
 29703 | Snake:1  | Entered Level 1 of the Snake Pit
 29753 | Snake:1  | Reached skill level 1 in Evocations
 31249 | Snake:2  | Noticed a nagaraja
 31529 | Snake:2  | Killed a nagaraja
 31547 | Snake:2  | Reached XP level 16. HP: 92/92 MP: 14/34
 31834 | Snake:2  | Offered knowledge of Yara's Violent Unravelling by Vehumet.
 32010 | Snake:2  | Found a transporter.
 32365 | Snake:2  | Acquired the staff of fire "Seatsymi" {Fragile Fly rElec
                  | rF+ rN++}
 32372 | Snake:2  | Found a transporter.
 32387 | Snake:2  | Identified the amulet "Xainkecw" {-Cast rC+ Regen+ SInv}
 33274 | Snake:3  | Found a hide-covered altar of Uskayaw.
 33770 | Snake:4  | Entered Level 4 of the Snake Pit
 33781 | Snake:4  | Reached skill level 15 in Fire Magic
 34092 | Snake:4  | Learned a level 7 spell: Orb of Destruction
 35076 | Snake:4  | Reached skill level 15 in Conjurations
 35733 | Snake:4  | Offered knowledge of Iron Shot by Vehumet.
 35755 | Snake:4  | Learned a level 6 spell: Iron Shot
 37253 | Snake:4  | Reached XP level 17. HP: 98/98 MP: 16/36
 37451 | Snake:4  | Got a serpentine rune of Zot
 37570 | Snake:4  | Noticed Donald
 38081 | Shoals:1 | Entered Level 1 of the Shoals
 38081 | Shoals:1 | Found Qiryrpha's Magic Scroll Boutique.
 38088 | Shoals:1 | Bought 2 scrolls of teleportation for 96 gold pieces
 38088 | Shoals:1 | Bought a scroll of teleportation for 48 gold pieces
 38088 | Shoals:1 | Bought a scroll of blinking for 120 gold pieces
 38088 | Shoals:1 | Bought a scroll of blinking for 120 gold pieces
 38088 | Shoals:1 | Bought a scroll of summoning for 152 gold pieces
 38088 | Shoals:1 | Bought a scroll of enchant armour for 120 gold pieces
 38687 | D:14     | Reached skill level 5 in Evocations
 38693 | D:14     | Killed Discosetron's ghost
 38981 | Snake:2  | Mangled by a salamander

Illustrated notes

Levels and vault maps discovered:
D:1:      erik_arrival_orb_chamber, layout_rooms,
          nicolae_ecumenical_snake_handling, st_stairs_4
D:2:      kb_forest_paths, layout_rooms, basic_altar, minmay_pentomino_t4,
          uniq_natasha
D:3:      layout_loops_ring, serial_shops, nicolae_shop_hallway_plus,
          minmay_shallow_snake_nest, uniq_sigmund, uniq_grinder
D:4:      layout_rooms, minmay_temple_entry_sparse_star, grunt_decor_one_mirror,
          minmay_shop_mass, minmay_misc_feat_four_crosses,
          minmay_misc_feat_plants
D:5:      layout_rooms, serial_shops, shop, uniq_edmund, uniq_ijyb,
          uniq_eustachio
D:6:      layout_loops_ring
D:7:      layout_gridville
D:8:      layout_basic, serial_demonic, serial_demonic_b, serial_demonic_d,
          serial_demonic_b, serial_demonic_d, serial_demonic_b, uniq_pikel
D:9:      layout_loops_ring, fedhas_altar_3, zombieorc2_lemuel, serial_shops,
          shop, enter_bailey_3
D:10:     gammafunk_wand_slinger, layout_irregular_city,
          hellmonk_lair_entry_icy, serial_shops, shop, grunt_decor_arrowhead,
          grunt_livestock, uniq_josephine
D:11:     layout_basic, serial_shops, bzr_entry_customers,
          kennysheep_generic_room_11, uniq_lodul
D:12:     layout_rooms
D:13:     layout_stronghold, david_vaults_1, uniq_maurice
D:14:     layout_roguey, gauntlet_entry_generic, biasface_ghost_orc_armoury,
          roderic_lattice_a, nicolae_qazlal_eye_of_the_storm, uniq_kirke
D:15:     hangedman_depths_entry_try_elsewhere_first, layout_loops_corners,
          glass_columns_a, enter_trove_0, serial_bayou_pond_b
Temple:   mainiacjoe_temple_starburst
Lair:1:   layout_loops_ring, st_stairs_10, chequers_serial_rivers_room_a,
          serial_bayou_shore_a, grunt_megastairs_2
Lair:2:   layout_regular_city, elwin_shoals_entry_stream,
          guppyfry_snake_entry_island, enter_volcano_2, grunt_megastairs_3,
          infiniplex_staircase_pool, lemuel_fruit_fields
Lair:3:   layout_chaotic_city, nicolae_lair_lindhole, uniq_nessos
Lair:4:   layout_big_grid
Lair:5:   hangedman_lair_in_review, layout_regular_city,
          dpeg_slime_entry_corner, lookout_lair_type
Shoals:1: layout_shoals, serial_shops, shop
Snake:1:  layout_misc_corridors
Snake:2:  gammafunk_sealed_arena, layout_onion, grunt_ministairs_5,
          nicolae_snake_lava_pool
Snake:3:  layout_onion, basic_altar, nicolae_triple_integral
Snake:4:  grunt_snake_rune_spirals, layout_onion, nicolae_snake_gridmaze_waves,
          uniq_donald
Orc:1:    layout_caves, mines_bat_river
Orc:2:    st_orc_ogre_mass, layout_caves, basic_altar

Skill      XL: |  1  2  3  4  5  6  7  8  9 10 11 12 13 14 15 16 17 |
---------------+----------------------------------------------------+-----
Conjurations   | 2 3 4 5 6 7 8 9 10 12 13 14 15 | 15.6
Fire Magic     | 4 5 6 7 8 9 10 11 12 13 14 15 | 15.8
Dodging        | 3 4 5 6 7 8 9 10 11 12 | 12.3
Stealth        | 3 4 5 6 7 8 9 10 11 12 13 | 13.4
Spellcasting   | 4 5 6 7 8 9 10 11 12 13 | 13.5
Fighting       | 1 2 3 4 5 6 7 8 |  8.4
Shields        | 1 3 4 |  4.0
Translocations | 2 3 4 5 6 |  6.0
Summonings     | 2 4 |  4.9
Armour         | 2 3 4 5 6 7 |  7.6
Long Blades    | 2 3 5 6 |  6.1
Evocations     | 2 4 5 |  5.1

Action                     |  1- 3 |  4- 6 |  7- 9 | 10-12 | 13-15 | 16-18 || total
---------------------------+-------+-------+-------+-------+-------+-------++-------
  Melee: Dagger            |     5 |     4 |       |       |       |       ||     9
         Scimitar          |       |     3 |     8 |    41 |    83 |       ||   135
         Staff             |       |       |       |       |       |    37 ||    37
  Throw: Dart              |       |       |       |     2 |       |       ||     2
   Cast: Foxfire           |    60 |   148 |    90 |    40 |    20 |    15 ||   373
         Scorch            |     3 |    30 |    39 |    68 |    36 |     2 ||   178
         Volatile Blastmot |       |     2 |       |       |       |       ||     2
         Inner Flame       |       |     1 |     3 |     2 |     3 |       ||     9
         Flame Wave        |       |       |    20 |    42 |    39 |     5 ||   106
         Magic Dart        |       |       |    12 |       |    57 |    24 ||    93
         Fulminant Prism   |       |       |     5 |    12 |     7 |     1 ||    25
         Blink             |       |       |     1 |     2 |     1 |       ||     4
         Starburst         |       |       |       |    34 |   122 |    31 ||   187
         Fireball          |       |       |       |       |    75 |    73 ||   148
         Iskenderun's Batt |       |       |       |       |    19 |    28 ||    47
         Summon Small Mamm |       |       |       |       |     1 |       ||     1
         Orb of Destructio |       |       |       |       |       |    31 ||    31
         Iron Shot         |       |       |       |       |       |    20 ||    20
  Evoke: Wand              |       |       |       |       |     1 |       ||     1
         Lightning rod     |       |       |       |       |       |     5 ||     5
    Use: Potion            |     1 |       |       |       |     1 |     2 ||     4
         Scroll            |       |    14 |     7 |     8 |    10 |    10 ||    49
   Stab: Sleeping          |       |     1 |       |     1 |     8 |     1 ||    11
         Petrified         |       |       |       |       |     2 |       ||     2
 Armour: Robe              |    11 |     5 |    10 |       |       |       ||    26
         Acid dragon scale |       |       |     1 |    26 |    76 |    45 ||   148
  Dodge: Dodged            |    34 |    19 |    49 |   173 |   229 |    98 ||   602
  Block: Other             |       |     4 |       |       |       |       ||     4
         Buckler           |       |    12 |    30 |    87 |    97 |    48 ||   274
         Reflection        |       |       |     1 |     7 |       |       ||     8
